 Dungeon Crawl Stone Soup version 0.29-a0-219-g0a02b1cf4f (webtiles) character file.

Game seed: 13393181625944520656

1317 horus123 the Chiller (level 8, -5/54 (57) HPs)
             Began as a Demigod Ice Elementalist on Feb 26, 2022.
             Slain by a shadow (13 damage)
             ... on level 5 of the Dungeon.
             The game lasted 00:11:08 (4741 turns).

horus123 the Chiller (Demigod Ice Elementalist)     Turns: 4741, Time: 00:11:08

HP:   -5/54 (57)    AC: 16    Str:  9    XL:     8   Next: 11%
MP:   4/16          EV: 12    Int: 25    God:
Gold: 233           SH:  0    Dex: 14    Spells: 2/13 levels left

rFire   . . .      SeeInvis .   d - staff of cold
rCold   + . .      Faith    .   (no shield)
rNeg    . . .      Spirit   .   a - +0 robe
rPois   .          Reflect  .   (no helmet)
rElec   .          Harm     .   (no cloak)
rCorr   .          Rampage  .   (no gloves)
Will    .....                   f - +0 pair of boots
Stlth   ++........              (no amulet)
HPRegen 0.18/turn               b - +4 ring of protection
MPRegen 0.15/turn               g - +4 ring of slaying

@: ice-armoured, freezing walls, drained
A: high MP 1, forlorn, divine attributes
a: no special abilities


You were on level 5 of the Dungeon.
You visited 1 branch of the dungeon, and saw 5 of its levels.

You collected 233 gold pieces.

Inventory:

Missiles
 c - a throwing net
Armour
 a - a +0 robe (worn)
 f - a +0 pair of boots (worn)
Magical Staves
 d - a staff of cold (weapon)
Jewellery
 b - a +4 ring of protection (left hand)
 e - a ring of protection from fire
 g - a +4 ring of slaying (right hand)
Scrolls
 o - a scroll of identify {unknown}
Potions
 h - 2 potions of might {unknown}
 i - a potion of degeneration {unknown}
 j - a potion of ambrosia {unknown}
 k - a potion of cancellation {unknown}
 l - a potion of lignification {unknown}
 m - 2 potions of attraction {unknown}
 n - 3 potions of brilliance {unknown}
 p - a potion of resistance {unknown}


   Skills:
 - Level 1.7 Dodging
 - Level 1.7 Stealth
 + Level 3.3 Spellcasting
 - Level 6.1 Conjurations
 - Level 7.1 Ice Magic


You had 2 spell levels left.
You knew the following spells:

 Your Spells              Type           Power      Damage    Failure   Level
a - Freeze                Ice            100%       1d11      1%          1
b - Frozen Ramparts       Ice            100%       1d12      1%          3
c - Ozocubu's Armour      Ice            56%        N/A       1%          3
d - Hailstorm             Conj/Ice       54%        3d12      6%          4

Your spell library contained the following spells:

 Spells                   Type           Power      Damage    Failure   Level


Dungeon Overview and Level Annotations

Branches:
Dungeon (5/15)             Temple (0/1) D:4

Shops:
D:3 [   D:4 =

Annotations:
D:4 1 runed translucent door


Innate Abilities, Weirdness & Mutations

You have an increased reservoir of magic. (+10% MP)
You shall have no god before yourself.
Your divine heritage dramatically boosts your attributes as you level up.


Message History

You feel a surge of power!
You freeze the shadow but do no damage.
The shadow completely resists.
The shadow completely resists.
The wall freezes the shadow but does no damage.
The shadow slips into darkness.
The shadow flickers and vanishes!
Deactivating autopickup; reactivate with Ctrl-A.
Aiming: Freeze (safe; 1% risk of failure)
Press: ? - help, Q - select action, (/) - cycle Shift-Dir - straight line, f - you That would be overly suicidal.
Okay, then.
Aiming: Freeze (safe; 1% risk of failure)
Press: ? - help, Q - select action, (/) - cycle Shift-Dir - straight line You feel a surge of power!
You freeze something but do no damage.
The wall freezes something but does no damage.
The shadow strikes at you from the darkness!
* * * LOW HITPOINT WARNING * * *
Reactivating autopickup.
Aiming: Freeze (safe; 1% risk of failure)
Press: ? - help, Q - select action, (/) - cycle Shift-Dir - straight line, f - shadow
Aim: a shadow (lightly damaged)
Okay, then.
Hit: d) staff of cold
Press: ? - help, Dir - move target, f - shadow
Aim: a shadow (lightly damaged, about 34% to evade your staff of cold)
Okay, then.
You hit the shadow but do no damage.
The shadow is lightly damaged.
The shadow completely resists.
The wall freezes the shadow but does no damage.
The shadow slips into darkness.
The shadow flickers and vanishes!
Deactivating autopickup; reactivate with Ctrl-A.
Your icy armour and frozen ramparts will break if you move.
Continue?
Okay, then.
Your icy armour and frozen ramparts will break if you move.
Continue?
You barely miss something.
The wall freezes something but does no damage.
The shadow strikes at you from the darkness!
You die...

##.#.#.#.##.#.##.#
#...#........##.
#.#......#.#...
...#.#.)....#.##
##........#...# #
#.#.##.#.#.#.##.#
...........#...
#.###.##.#.#.##.
.. ........@.#
#.###.##.#{# #. #.
#.#.# .. .....
.....#.... .....
..... .### ......
## .....)


There were no monsters in sight!

Vanquished Creatures
  A two-headed ogre (D:4)
  The ghost of Cecur the Caller, an amateur OpSu (D:4)
  A scorpion (D:4)
  5 wights
  2 orc priests (D:4)
  A jelly (D:4)
  2 orc wizards (D:3)
  7 gnolls (D:4)
  4 adders
  A river rat (D:4)
  3 dart slugs
  7 orcs
  5 bats
  3 endoplasms
  2 giant cockroaches
  5 goblins
  3 hobgoblins (D:4)
  3 quokkas
  5 ball pythons
  3 frilled lizards
  9 kobolds
  5 rats
78 creatures vanquished.

Vanquished Creatures (collateral kills)
  An orc wizard (D:4)
  4 orcs (D:4)
  A giant cockroach (D:4)
6 creatures vanquished.

Grand Total: 84 creatures vanquished

Notes
Turn   | Place    | Note
-------+----------+-------------------------------------------
     0 | D:1      | horus123 the Demigod Ice Elementalist began the quest for
                  | the Orb.
     0 | D:1      | Reached XP level 1. HP: 14/14 MP: 5/5
   545 | D:1      | Reached XP level 2. HP: 8/20 MP: 1/8
  1606 | D:2      | Reached XP level 3. HP: 26/26 MP: 8/10
  1610 | D:2      | Learned a level 3 spell: Frozen Ramparts
  1614 | D:2      | Learned a level 3 spell: Ozocubu's Armour
  2257 | D:3      | Reached skill level 4 in Ice Magic
  2408 | D:3      | Reached XP level 4. HP: 32/33 MP: 7/11
  2541 | D:3      | Found Pafeivua's Armour Shoppe.
  2773 | D:4      | Found Riuce's Jewellery Shop.
  2801 | D:4      | Found a runed translucent door.
  2837 | D:4      | Found a staircase to the Ecumenical Temple.
  2839 | D:4      | Found a runed translucent door.
  2847 | D:4      | Reached skill level 5 in Ice Magic
  2851 | D:4      | Reached XP level 5. HP: 18/38 MP: 7/12
  2866 | D:4      | Reached skill level 6 in Ice Magic
  3240 | D:4      | Reached XP level 6. HP: 45/45 MP: 9/13
  3383 | D:4      | Noticed Cecur's ghost (amateur OpSu)
  3393 | D:4      | Killed Cecur's ghost
  3394 | D:4      | Reached skill level 7 in Ice Magic
  3465 | D:4      | Learned a level 4 spell: Hailstorm
  3601 | D:3      | Reached skill level 1 in Conjurations
  3946 | D:4      | Noticed a two-headed ogre
  3958 | D:4      | Killed a two-headed ogre
  3959 | D:4      | Reached skill level 5 in Conjurations
  3959 | D:4      | Reached XP level 7. HP: 12/50 MP: 2/14
  4265 | D:4      | Reached XP level 8. HP: 39/56 MP: 3/15
  4540 | D:5      | Entered Level 5 of the Dungeon
  4741 | D:5      | Slain by a shadow

Illustrated notes

Levels and vault maps discovered:
D:1:      sevenhm_arrival_forest_fort_small_5, layout_rooms,
          ebering_ecumenical_altar_ruins, minmay_misc_feat_ornament
D:2:      layout_rooms, serial_aquarium, aquarium_bridge_island_small
          [aquarium_subvault_small_open, aquarium_subvault_wall,
          aquarium_subvault_bridge, aquarium_subvault_balcony,
          aquarium_subvault_window], aquarium_window_double,
          aquarium_window_fake, aquarium_view_2c, aquarium_view_2d,
          aquarium_balcony_5b
D:3:      layout_basic, serial_shops, nicolae_shop_statue_plus,
          minmay_misc_feat_columns
D:4:      layout_rooms, grunt_dithmenos_smoke_and_mirrors,
          okawaru_altar_gauntlet_db, minmay_temple_entry_proselytizer,
          ebering_ghost_sewer_f, serial_shops, nicolae_shop_hallway_stairs
D:5:      layout_cave_pods, minmay_diced_spiral

Skill      XL: |  1  2  3  4  5  6  7  8 |
---------------+-------------------------+-----
Spellcasting   | 2 3 |  3.3
Ice Magic      | 4 5 6 7 |  7.1
Conjurations   | 5 6 |  6.1
Dodging        | |  1.7
Stealth        | |  1.7

Action                   |  1- 3 |  4- 6 |  7- 9 || total
-------------------------+-------+-------+-------++-------
Melee: Unarmed           |     2 |       |       ||     2
       Staff             |     5 |    25 |    24 ||    54
       Punch             |     1 |       |       ||     1
 Cast: Freeze            |    50 |    54 |    15 ||   119
       Frozen Ramparts   |       |     5 |     4 ||     9
       Ozocubu's Armour  |       |     1 |     2 ||     3
  Use: Scroll            |     4 |     3 |     2 ||     9
Armor: Robe              |    14 |    24 |    12 ||    50
Dodge: Dodged            |    19 |    39 |    16 ||    74

Table legend: (Time is in decaauts)
 A = Elapsed time spent in this place.
 B = Non-inter-level travel time spent in this place.
 C = Inter-level travel time spent in this place.
 D = Time resting spent in this place.
 E = Time spent auto-exploring this place.
 F = Levels seen in this place.
 G = Mean time per level.
                   A        B        C        D        E       F      G
               +--------+--------+--------+--------+--------+-----+--------+
         Total |   4757 |   4591 |    166 |   1360 |   2504 |   5 |  951.4 |
       Dungeon |   4757 |   4591 |    166 |   1360 |   2504 |   5 |  951.4 |
               +--------+--------+--------+--------+--------+-----+--------+

Top non-repeatable levels by time:
     D:4: 1468 daAuts
     D:1: 1197 daAuts
     D:3: 959 daAuts
     D:2: 929 daAuts
     D:5: 202 daAuts
